 Dungeon Crawl Stone Soup version 0.25-a0-283-ge7e91ba8d0 (webtiles) character file.

Game seed: 2958405287571529944, levelgen mode: deterministic

11 DerDa the Conjurer (level 2, 0/20 HPs)
             Began as a Draconian Conjurer on Dec 11, 2019.
             Slain by a gnoll (3 damage)
             ... on level 1 of the Dungeon.
             The game lasted 00:01:36 (411 turns).

DerDa the Conjurer (Draconian Conjurer)              Turns: 411, Time: 00:01:37

Health: 0/20       AC:  4    Str: 10    XL:     2   Next: 17%
Magic:  0/5        EV: 12    Int: 15    God:
Gold:   13         SH:  0    Dex: 11    Spells: 4/5 levels left

rFire    . . .     SeeInvis .   a - +0 whip
rCold    . . .     Gourm    .   (no shield)
rNeg     . . .     Faith    .   (armour unavailable)
rPois    .         Spirit   .   (helmet restricted)
rElec    .         Reflect  .   (no cloak)
rCorr    .         Harm     .   (no gloves)
MR       .....                  (no boots)
Stlth    ++........             (no amulet)
HPRegen  0.06/turn              (no ring)
MPRegen  0.09/turn              (no ring)

@: no status effects
A: unfitting armour, cold-blooded, AC +4
a: no special abilities


You were on level 1 of the Dungeon.
You were not hungry.

You visited 1 branch of the dungeon, and saw 1 of its levels.

You collected 13 gold pieces.

Inventory:

Hand Weapons
 a - a +0 whip (weapon)
Missiles
 e - 18 stones (quivered)
Scrolls
 c - a scroll of magic mapping {unknown}
 f - a scroll of amnesia {unknown}
 g - a scroll of identify {unknown}
Comestibles
 b - a ration
 d - 4 chunks of flesh


   Skills:
 - Level 1.7 Dodging
 - Level 1.7 Stealth
 * Level 2.0 Spellcasting
 * Level 4.5 Conjurations


You had 4 spell levels left.
You knew the following spells:

 Your Spells              Type           Power        Failure   Level  Hunger
a - Magic Dart            Conj           ###.         3%          1    #......

Your spell library contained the following spells:

 Spells                   Type           Power        Failure   Level  Hunger
 Searing Ray              Conj           ###...       5%          2    ###....
 Dazzling Flash           Conj/Hex       #.....       26%         3    ###....
 Fulminant Prism          Conj/Hex       #.........   65%         4    #####..
 Iskenderun's Mystic Bla  Conj/Tloc      #.......     65%         4    #####..


Dungeon Overview and Level Annotations

Branches:
Dungeon (1/15)

Altars:


Innate Abilities, Weirdness & Mutations

Your plain brown scales are hard. (AC +4)
You cannot fit into any form of body armour.
You are cold-blooded and may be slowed by cold attacks.


Message History

The gnoll misses you.
You closely miss the gnoll.
The gnoll is heavily wounded.
The gnoll closely misses you.
You barely miss the gnoll.
The gnoll is heavily wounded.
The gnoll barely misses you.
You hit the gnoll.
The gnoll is almost dead.
The gnoll hits you!
* * * LOW HITPOINT WARNING * * *
Casting: Magic Dart (safe; 3% risk of failure)
Confirm with . or Enter, or press ? or * to list all spells.
Aiming: Magic Dart (safe; 3% risk of failure)
Press: ? - help, Shift-Dir - straight line, f/p - gnoll
Aim: a gnoll (almost dead)
The magic dart hits the gnoll but does no damage.
The gnoll is almost dead.
The gnoll hits you.
You die...

##### #### ##...## ...
#.....#####.##.#
#[....@g.).....#
########......####.##.#
#...รท..........## .#
#.###...........# ..
#.# #.###.##...## ###
#.###[###.###.##
#.........# #.#
#####.##### #.# #.#
##+##


You could see a gnoll.

Vanquished Creatures
  A goblin (D:1)
  4 hobgoblins (D:1)
  A kobold (D:1)
  3 frilled lizards (D:1)
  2 rats (D:1)
11 creatures vanquished.

Notes
Turn   | Place    | Note
-------+----------+-------------------------------------------
     0 | D:1      | DerDa the Draconian Conjurer began the quest for the Orb.
     0 | D:1      | Reached XP level 1. HP: 14/14 MP: 3/3
   327 | D:1      | Reached XP level 2. HP: 20/20 MP: 3/5
   411 | D:1      | Slain by a gnoll

Levels and vault maps discovered:
D:1:      scummos_arrival_simple_fountains, layout_loops_corners

Action                   || total
-------------------------++-------
Melee: Whip              ||     9
 Cast: Magic Dart        ||    23
Armor: Skin              ||     2
Dodge: Dodged            ||     7

Table legend:
 A = Non-vault XP
 B = Vault XP
 C = Vault XP percentage of total XP
 D = Non-vault monster count
 E = Vault monster count
 F = Vault count percentage of total count
                 A         B        C        D         E       F
            +---------+---------+-------+---------+---------+-------
      Total |      17 |       0 |   0.0 |      11 |       0 |   0.0
            +---------+---------+-------+---------+---------+-------
        D:1 |      17 |       0 |   0.0 |      11 |       0 |   0.0
            +---------+---------+-------+---------+---------+-------
